AoeStats
← 台灣大表哥

Black Forest

509883195Analyzed
4v4 RM · 5d ago on Sep 28, 2026· 51m 31s· 8 players
Game mode
Random Map
Map size
Large (8 player)
Population
200
Speed
Normal
Resources
Standard
Victory
Conquest
Starting age
Dark Age
Ending age
Imperial Age
RankedLock teamsTeams togetherTeam positionsShared explorationLock speedFull tech treeHidden civsTurbo modeCheats
Victory
Defeat
🇹🇼 Khmer · Taiwan
1005
+11
🇹🇼 Danes · Taiwan
902
+15
🇹🇼 Saxons · Taiwan
901
+15
🇹🇼 Burmese · Taiwan
897
+15
🇩🇪 Saxons · Germany
921
-16
🇺🇸 Mapuche · United States
900
-15
🇹🇼 Persians · Taiwan
865
-13
🇩🇪 Danes · Germany
829
-12
Sir Leonhart
11:20 Loom
14:19 Feudal Age
14:56 Double-Bit Axe
22:33 Castle Age
22:42 Fishing Lines
23:24 Gillnets
23:47 Bow Saw
28:33 Wheelbarrow
28:44 Caravan
30:38 Hand Cart
36:28 Pikeman
36:54 Gambesons
37:10 Squires
36:56 Arson
39:46 Imperial Age
41:44 Imperial Age
39:41 Forging
39:31 Scale Mail Armor
marwenskio
13:53 Feudal Age
17:21 Castle Age
16:06 Double-Bit Axe
17:31 Wheelbarrow
16:43 Loom
20:12 Hand Cart
19:44 Town Watch
22:12 Bow Saw
21:43 Horse Collar
22:09 Fletching
22:19 Padded Archer Armor
22:57 Bodkin Arrow
24:02 Leather Archer Armor
28:56 Town Patrol
29:50 Ballistics
29:42 Masonry
anonymer Alfred
0:40 Loom
14:39 Feudal Age
15:42 Town Watch
15:46 Double-Bit Axe
15:57 Horse Collar
17:38 Stone Mining
17:39 Gold Mining
17:48 Fishing Lines
19:59 Wheelbarrow
20:21 Fletching
25:57 Castle Age
24:26 Arson
24:01 Man-at-Arms
24:46 Scale Mail Armor
26:59 Bow Saw
27:15 Caravan
27:18 Heavy Plow
27:24 Bodkin Arrow
27:53 Crossbowman
29:28 Gold Shaft Mining
28:59 Gillnets
30:07 Forging
30:15 Treadmill Crane
30:27 Guard Tower
30:48 Fortified Wall
35:59 Imperial Age
34:05 Pikeman
34:46 Squires
35:48 Murder Holes
36:17 Chain Mail Armor
36:20 Gambesons
37:40 Hoardings
台灣大表哥
1:03 Loom
12:28 Feudal Age
13:17 Double-Bit Axe
13:18 Horse Collar
16:52 Fishing Lines
19:16 Castle Age
24:23 Gillnets
24:50 Bow Saw
24:43 Heavy Plow
25:29 Wheelbarrow
24:32 Pikeman
28:14 Bloodlines
28:22 Forging
28:18 Scale Barding Armor
28:20 Town Watch
29:38 Stone Mining
31:02 Hand Cart
34:51 Imperial Age
33:28 Squires
33:14 Gambesons
34:09 Iron Casting
33:55 Chain Barding Armor
33:26 Fletching
33:38 Padded Archer Armor
33:47 Husbandry
33:08 Light Cavalry
34:15 Elite Skirmisher
34:30 Cavalier
36:16 Conscription
36:15 Halberdier
36:46 Savar
40:43 Plate Barding Armor
42:03 Hussar
43:32 Scale Mail Armor
TOUHOU
0:29 Loom
13:38 Feudal Age
16:24 Double-Bit Axe
19:19 Castle Age
17:07 Fishing Lines
19:30 Wheelbarrow
20:25 Bow Saw
21:44 Horse Collar
21:57 Gillnets
23:21 Heavy Plow
26:22 Hand Cart
26:56 Gold Mining
29:47 Gold Shaft Mining
34:20 Imperial Age
34:45 Caravan
35:01 Scale Mail Armor
34:51 Fletching
36:07 Chemistry
35:14 Siege Engineers
35:04 Onager
38:22 Ballistics
38:13 Masonry
37:37 Siege Onager
38:54 Pikeman
39:35 Squires
39:20 Gambesons
40:38 Halberdier
42:59 Elite Varangian Guard
44:07 Chain Mail Armor
44:03 Forging
48:21 Northmen's Fury
49:22 Conscription
49:15 Spies/Treason
50:20 Conscription
123木頭人
10:34 Feudal Age
13:36 Castle Age
12:32 Double-Bit Axe
15:21 Bow Saw
21:30 Horse Collar
23:54 Wheelbarrow
25:38 Gold Mining
25:40 Stone Mining
26:15 Heavy Plow
26:40 Hand Cart
26:10 Loom
27:16 Gold Shaft Mining
27:24 Stone Shaft Mining
28:27 Town Watch
31:22 Imperial Age
30:24 Town Patrol
30:37 Forging
30:34 Scale Barding Armor
31:18 Bloodlines
31:08 Husbandry
32:02 Chain Barding Armor
32:19 Iron Casting
31:44 Murder Holes
32:55 Tusk Swords
33:16 Conscription
34:17 Blast Furnace
35:10 Elite Battle Elephant
49:55 Spies/Treason
52:06 Hoardings
51:32 Double Crossbow
grunt230
0:28 Loom
13:42 Feudal Age
16:55 Double-Bit Axe
19:50 Castle Age
23:13 Bow Saw
22:34 Crossbowman
24:43 Wheelbarrow
24:58 Horse Collar
26:34 Wheelbarrow
26:29 Heavy Plow
30:34 Gold Mining
31:19 Town Watch
36:59 Imperial Age
34:38 Squires
35:15 Masonry
35:01 Murder Holes
35:43 Thumb Ring
36:53 Padded Archer Armor
37:38 Gold Shaft Mining
36:54 Stone Mining
39:27 Chemistry
38:41 Capped Ram
40:46 Fletching
41:12 Leather Archer Armor
42:05 Siege Engineers
43:01 Bodkin Arrow
43:37 Ring Archer Armor
43:56 Arbalester
44:44 Bracer
47:51 Elite Varangian Guard
49:51 Siege Ram
51:26 Forging
51:17 Scale Mail Armor
HiOh
1:17 Loom
12:50 Feudal Age
17:59 Castle Age
16:08 Horse Collar
20:47 Wheelbarrow
22:00 Heavy Plow
24:59 Hand Cart
25:52 Gold Mining
32:17 Imperial Age
32:41 Scale Barding Armor
32:47 Forging
32:25 Pikeman
33:06 Squires
32:51 Arson
32:52 Gambesons
33:03 Halberdier
33:56 Bloodlines
33:47 Husbandry
33:08 Elite Battle Elephant
35:21 Chain Barding Armor
35:37 Iron Casting
36:12 Chemistry
35:21 Manipur Cavalry
35:21 Howdah
36:21 Conscription
37:13 Plate Barding Armor
36:39 Scale Mail Armor
37:15 Caravan
38:40 Gold Shaft Mining
39:50 Blast Furnace
41:54 Chain Mail Armor
41:30 Fletching
41:41 Padded Archer Armor
41:49 Siege Engineers
41:57 Masonry
45:54 Plate Mail Armor
Connection lost

Rejoining the realm…

Still unreachable

The connection could not be restored.

Session expired

The server has moved on; the page needs a fresh start.